 Dungeon Crawl Stone Soup version 0.26.1-11-gd32895ea62 (webtiles) character file.

Game seed: 2135438111634814251

14 Zeld the Sneak (level 2, -3/14 HPs)
             Began as a Felid Delver on June 7, 2021.
             Slain by a bullfrog (8 damage)
             ... on level 6 of the Dungeon.
             The game lasted 00:00:22 (718 turns).

Zeld the Sneak (Felid Delver)                        Turns: 718, Time: 00:00:24

Health: -3/14      AC:  1    Str:  8    XL:     2   Next: 31%
Magic:  3/3        EV: 18    Int: 11    God:
Gold:   39         SH:  0    Dex: 17    Spells: 1/1 levels left
                                        Lives:  0   Deaths: 0

rFire    . . .     SeeInvis +     - Unarmed
rCold    . . .     Faith    .   (shield unavailable)
rNeg     . . .     Spirit   .   (armour unavailable)
rPois    .         Reflect  .   (helmet unavailable)
rElec    .         Harm     .   (cloak unavailable)
rCorr    .         Rampage  .   (gloves unavailable)
Will     .....                  (boots unavailable)
Stlth    ++++......             (no amulet)
HPRegen  0.04/turn              (no ring)
MPRegen  0.08/turn              (no ring)

@: quick
A: very small, no armour, no weapons or thrown items, stealth, claws 1, fangs 3,
see invisible, speed 1, shaggy fur 1, sharp paws
a: no special abilities


You were on level 6 of the Dungeon.
You visited 1 branch of the dungeon, and saw 2 of its levels.

You collected 39 gold pieces.

Inventory:

Wands
 e - a wand of digging (3)
 g - a wand of iceblast (9)
Scrolls
 a - a scroll of fog
 b - a scroll of magic mapping
 c - a scroll of fear
 f - a scroll of teleportation {unknown}
Potions
 d - a potion of haste


   Skills:
 * Level 3.3 Fighting
 - Level 2.6 Dodging
 + Level 6.8 Stealth
 * Level 2.4 Unarmed Combat


You had one spell level left.
You didn't know any spells.
Your spell library was empty.

Dungeon Overview and Level Annotations

Branches:
Dungeon (6/15)
 Temple: D:4-7

Altars:

Annotations:
D:6 2 transporters, Beepinex's ghost, novice DECj


Innate Abilities, Weirdness & Mutations

You cannot wear armour.
You are incapable of wielding weapons or throwing items.
Your paws allow you to move quietly. (Stealth)
You have sharp claws.
You have razor-sharp teeth.
You have supernaturally acute eyesight. (SInv)
You cover ground quickly.
You are covered in fur. (AC +1)
Your sharp claws are effective at attacking unaware monsters.


Message History

The bullfrog closely misses you.
You scratch the bullfrog.
The bullfrog is severely wounded.
The bullfrog closely misses you. The bullfrog barely misses you.
You scratch the bullfrog. Your bite misses the bullfrog.
The bullfrog is almost dead.
The bullfrog hits you.
You scratch the bullfrog but do no damage.
The bullfrog is almost dead.
The bullfrog hits you!
Ouch! That really hurt!
You are too injured to fight recklessly!
You are too injured to fight recklessly!
You are too injured to fight recklessly!
You are too injured to fight recklessly!
You scratch the bullfrog.
The bullfrog is almost dead.
The bullfrog barely misses you. The bullfrog hits you!
Ouch! That really hurt!
You die...

#..#.......#.#...###.#..#
#..#.#............##.#..#
#......###.###...###....#
##.#.#####.# ##.## ###.##########
#.#.......# #.# #..........#
#.######### #.# ###..#####.# #.##
##+## #..## #.# #..# ##...##
#...## #.# ##.### ##...@.##
#....# #.# #.#.## ##....F..##
#....# #.#
###....####.........####....###.#
..........'.........'...>.......#
.......####.........####....#####
#####.## ##.......## ##.#.# #.#
##.....## ###.# #.# ##...#####
#.# ##.#######.........# #.#


You could see a bullfrog.

Vanquished Creatures
  A hound zombie (D:6)
1 creature vanquished.

Notes
Turn   | Place    | Note
-------+----------+-------------------------------------------
     0 | D:5      | Zeld the Felid Delver began the quest for the Orb.
     0 | D:5      | Reached XP level 1. HP: 10/10 MP: 2/2
   123 | D:6      | Noticed a quasit
   128 | D:6      | Noticed a quasit
   129 | D:6      | Noticed Beepinex's ghost (novice DECj)
   139 | D:6      | Found a transporter.
   139 | D:6      | Noticed a quasit
   150 | D:6      | Noticed a quasit
   159 | D:6      | Found a transporter.
   582 | D:6      | Reached XP level 2. HP: 8/14 MP: 3/3
   708 | D:6      | Noticed a bullfrog
   718 | D:6      | Slain by a bullfrog

Illustrated notes

Levels and vault maps discovered:
D:5:      layout_basic, minmay_temple_entry_large_hall, uniq_duvessa
D:6:      layout_loops_corners, gammafunk_ghost_stat_death, minmay_misc_feat_x,
          hangedman_abyss_or_decor_passed, uniq_blork_the_orc

Action                   || total
-------------------------++-------
Melee: Unarmed           ||    14
       Bite              ||     1
Armor: Skin              ||     1
Dodge: Dodged            ||    17
